 Dungeon Crawl Stone Soup version 0.28.0-47-ge53b351184 (webtiles) character file.

Game seed: 9356945371533924953

948 Walross the Ruffian (level 7, -6/68 HPs)
             Began as a Troll Berserker on Apr 27, 2022.
             Was a Priest of Trog.
             Mangled by an ogre
             ... wielding a +0 giant spiked club
              (9 damage)
             ... on level 6 of the Dungeon.
             The game lasted 00:28:08 (3648 turns).

Walross the Ruffian (Troll Berserker)               Turns: 3648, Time: 00:28:09

Health: -6/68      AC:  4    Str: 34    XL:     7   Next: 89%
Magic:  6/6        EV:  9    Int:  7    God:    Trog [***...]
Gold:   358        SH:  7    Dex:  9    Spells: 6/6 levels left

rFire   . . .      SeeInvis .   B - +0 hand axe of the Hierophant {protect, *Noise Str+6 Int+4}
rCold   . . .      Faith    .   F - +1 kite shield
rNeg    . . .      Spirit   .   a - +0 animal skin
rPois   .          Reflect  .   (helmet restricted)
rElec   .          Harm     .   (no cloak)
rCorr   .          Rampage  .   (gloves unavailable)
Will    .....                   (boots unavailable)
Stlth   +.........              (no amulet)
HPRegen 1.01/turn               (no ring)
MPRegen 0.10/turn               (no ring)

@: on berserk cooldown, slowed, very slow
A: large, unfitting armour, claws 3, regeneration 1, shaggy fur 1, tough skin 1
a: Renounce Religion, Berserk, Trog's Hand


You were on level 6 of the Dungeon.
You worshipped Trog.
Trog was most pleased with you.
You visited 1 branch of the dungeon, and saw 6 of its levels.
You also visited: Sewer.

You collected 358 gold pieces.

Inventory:

Hand Weapons
 B - the +0 hand axe of the Hierophant (weapon) {protect, *Noise Str+6 Int+4}
   (You found it on level 4 of the Dungeon)

   It grants its wielder temporary protection when it strikes (+7 to AC).
   Str:       It affects your strength (+6).
   Int:       It affects your intelligence (+4).
   *Noise:    It may make noises in combat.
Missiles
 b - 157 stones (quivered)
 j - 36 arrows
 p - 26 poisoned darts
 q - 20 bolts
 u - 6 boomerangs
 z - 4 javelins
 E - 4 large rocks
Armour
 a - a +0 animal skin (worn)
 f - a +0 leather armour
 x - a +0 helmet
 F - a +1 kite shield (worn)
Jewellery
 d - a ring of flight
 g - an amulet of regeneration
 h - a ring of protection from cold
 D - a ring of positive energy
Wands
 v - a wand of acid (11)
 y - a wand of polymorph (5)
Scrolls
 c - a scroll of noise {unknown}
 k - 2 scrolls of teleportation
 l - a scroll of torment {unknown}
 m - 2 scrolls of blinking {unknown}
 n - 2 scrolls of enchant armour
 r - a scroll of brand weapon {unknown}
 s - a scroll of silence {unknown}
 w - a scroll of magic mapping {unknown}
 C - a scroll of fog {unknown}
Potions
 e - 5 potions of haste
 i - 4 potions of curing
 o - a potion of magic {unknown}
 t - 4 potions of brilliance
 A - a potion of heal wounds {unknown}
 G - 2 potions of flight
 H - a potion of lignification {unknown}


   Skills:
 + Level 3.7 Fighting
 + Level 2.8 Axes
 + Level 4.3 Dodging
 + Level 1.0 Stealth
 + Level 1.2 Shields
 + Level 6.1 Unarmed Combat


You had 6 spell levels left.
You didn't know any spells.
Your spell library contained the following spells:

 Spells                   Type           Power      Damage    Failure   Level
 Beastly Appendage        Tmut           0%         N/A       75%         1
 Sting                    Tmut/Pois      0%         1d3       75%         1
 Poisonous Vapours        Pois/Air       0%         N/A       87%         2
 Wereblood                Tmut           0%         N/A       87%         2
 Gell's Gravitas          Tloc           0%         N/A       98%         3
 Lesser Beckoning         Tloc           0%         N/A       98%         3
 Spider Form              Tmut/Pois      0%         N/A       98%         3
 Teleport Other           Tloc           0%         N/A       98%         3
 Olgreb's Toxic Radiance  Pois           0%         N/A       100%        4


Dungeon Overview and Level Annotations

Branches:
Dungeon (6/15)              Sewer (visited)
 Temple: D:4-7

Altars:
Hepliaklqana
Zin


Innate Abilities, Weirdness & Mutations

You are too large for most types of armour.
You have claws for hands.
Your natural rate of healing is unusually fast.
You are covered in fur. (AC +1)
You have tough skin. (AC +1)


Message History

You feel sick.
An orc comes into view. It is wielding a +0 whip.
The water moccasin bites you but does no damage.
The orc shouts!
You slash the water moccasin!
You kill the water moccasin!
Trog accepts your kill.
You feel sick.
You feel sick. The orc completely misses you.
You slash the orc!
You kill the orc!
Trog accepts your kill.
You feel sick.
You feel sick.
You see here a +0 club.
You slash the orc!
You kill the orc!
Trog accepts your kill.
You feel sick.
You barely miss the orc.
An ogre comes into view. It is wielding a +0 giant spiked club.
You slash the orc!
You kill the orc!
Trog accepts your kill.
You feel sick.
You are no longer berserk.
You are exhausted.
You feel yourself slow down.
You feel sick.
Things that are here:
a +0 whip; a +0 falchion You feel better.
The ogre closely misses you.
You hit the ogre.
The ogre is moderately wounded.
The ogre hits you with a +0 giant spiked club!!
* * * LOW HITPOINT WARNING * * *
You barely miss the ogre.
The ogre is moderately wounded.
The ogre hits you with a +0 giant spiked club!
You die...

#.........#
#.........#
#.........#
#####'#...# #†#...#
##.#...# #..'...#
###########...##..
#.......))@O...'...
#.##############...
..


You could see an ogre.

Vanquished Creatures
  A water moccasin (D:6)
  Pargi (Sewer)
  An ice beast (D:5)
  A kobold brigand (D:6)
  A water moccasin zombie (D:6)
  2 water moccasin skeletons
  A howler monkey (D:6)
  A centaur zombie (D:5)
  An orc priest (D:4)
  3 hounds
  A bullfrog skeleton (D:5)
  A howler monkey zombie (D:5)
  3 adders
  4 gnolls (D:5)
  3 river rats (D:3)
  A shadow imp (D:5)
  3 worms (D:3)
  A dart slug (D:2)
  11 orcs
  7 bats
  9 endoplasms
  2 giant cockroaches (D:4)
  6 goblins
  7 hobgoblins
  2 jackals (D:4)
  3 quokkas
  13 ball pythons
  9 frilled lizards
  A giant cockroach zombie (D:3)
  8 kobolds
  8 rats
  A spectral goblin (D:3)
117 creatures vanquished.

Vanquished Creatures (others)
  2 plants (D:1)
2 creatures vanquished.

Grand Total: 119 creatures vanquished

Notes
Turn   | Place    | Note
-------+----------+-------------------------------------------
     0 | D:1      | Walross the Troll Berserker began the quest for the Orb.
     0 | D:1      | Reached XP level 1. HP: 22/22 MP: 0/0
   106 | D:1      | Reached XP level 2. HP: 29/29 MP: 1/1
   817 | D:2      | Found a faded altar of an unknown god.
   936 | D:2      | Reached XP level 3. HP: 36/36 MP: 2/2
   979 | D:2      | Reached ** piety under Trog
  1168 | D:3      | Found a hazy altar of Hepliaklqana.
  1233 | D:3      | Reached XP level 4. HP: 44/44 MP: 3/3
  1238 | D:3      | Found a glowing drain.
  1244 | Sewer    | Entered a sewer
  1251 | Sewer    | Reached skill level 4 in Unarmed Combat
  1266 | Sewer    | Noticed Pargi
  1276 | Sewer    | Killed Pargi
  1277 | Sewer    | Reached XP level 5. HP: 35/52 MP: 4/4
  1623 | D:3      | Found a glowing silver altar of Zin.
  1966 | D:3      | Reached skill level 5 in Unarmed Combat
  2179 | D:4      | Reached *** piety under Trog
  2243 | D:4      | Reached XP level 6. HP: 61/61 MP: 5/5
  2455 | D:4      | Identified the +0 hand axe of the Hierophant {protect,
                  | *Noise Str+6 Int+4}
  2772 | D:5      | Entered Level 5 of the Dungeon
  3044 | D:5      | Reached skill level 6 in Unarmed Combat
  3188 | D:5      | Noticed an ice beast
  3196 | D:5      | Killed an ice beast
  3197 | D:5      | Reached skill level 1 in Axes
  3197 | D:5      | Reached XP level 7. HP: 67/67 MP: 6/6
  3576 | D:6      | Reached skill level 1 in Stealth
  3576 | D:6      | Reached skill level 1 in Shields
  3647 | D:6      | HP: 1/68 [ogre/+0 giant spiked club (22)]
  3648 | D:6      | Mangled by an ogre

Illustrated notes

Levels and vault maps discovered:
D:1:      dpeg_arrival_circle_labyrinth_a, layout_rooms, kennysheep_crisscross,
          serial_bayou_lagoon_a, dk_noncrumbling_4
D:2:      layout_rooms, ebering_ecumenical_altar_mist, kennysheep_generic_room_4
D:3:      minmay_bubble_buster, layout_rooms, mainiacjoe_overflow_24_doors,
          nicolae_hepliaklqana_monster_ancestors, lightli_sewer_entry_pipes,
          minmay_circle_x
D:4:      layout_basic
D:5:      layout_rooms, kennysheep_small_spiral
D:6:      layout_basic, serial_shops, kennysheep_mini,
          nicolae_ossuary_entry_catacombs, uniq_pikel

Skill      XL: |  1  2  3  4  5  6  7 |
---------------+----------------------+-----
Dodging        | 3 4 |  4.3
Unarmed Combat | 4 5 6 |  6.1
Fighting       | 3 |  3.7
Axes           | 1 2 |  2.8
Stealth        | 1 |  1.0
Shields        | 1 |  1.2

Action                   |  1- 3 |  4- 6 |  7- 9 || total
-------------------------+-------+-------+-------++-------
Melee: Unarmed           |    87 |    99 |       ||   186
       Punch             |     2 |     6 |       ||     8
       Hand axe          |       |    65 |    73 ||   138
Invok: Berserk           |     3 |     5 |     3 ||    11
  Use: Scroll            |       |     6 |       ||     6
       Potion            |       |       |     1 ||     1
 Stab: Sleeping          |       |     1 |       ||     1
Armor: Animal skin       |    17 |    68 |    35 ||   120
Dodge: Dodged            |    33 |    89 |    49 ||   171
Block: Kite shield       |       |    18 |    34 ||    52
